AoeStats
← ReidTheWombat

Nomad

509475382Analyzed
2v2 RM · 4d ago on Sep 26, 2026· 25m 1s· 4 players
Game mode
Random Map
Map size
176×176
Population
200
Speed
Normal
Resources
Standard
Victory
Conquest
Starting age
Dark Age
Ending age
Imperial Age
RankedLock teamsTeams togetherTeam positionsShared explorationLock speedFull tech treeHidden civsTurbo modeCheats
Victory
Defeat
🇸🇰 Varangians · Slovakia
1112
+14
🇸🇰 Khmer · Slovakia
1112
+14
🇦🇺 Varangians · Australia
1072
-14
🇦🇺 Cumans · Australia
1063
-14
SCH0N
4:58 Loom
15:15 Feudal Age
15:41 Double-Bit Axe
17:52 Horse Collar
22:08 Castle Age
25:55 Ballistics
Sylvanas Windrunner
4:17 Loom
5:58 Loom
16:42 Feudal Age
16:45 Man-at-Arms
18:56 Scale Mail Armor
19:37 Forging
20:29 Fishing Lines
24:55 Castle Age
23:29 Stone Mining
23:27 Double-Bit Axe
25:12 Gold Mining
ReidTheWombat
12:06 Feudal Age
12:41 Man-at-Arms
15:11 Arson
17:37 Forging
18:24 Scale Mail Armor
RedTheWeasel
11:23 Loom
14:23 Feudal Age
15:49 Double-Bit Axe
Connection lost

Rejoining the realm…

Still unreachable

The connection could not be restored.

Session expired

The server has moved on; the page needs a fresh start.